 Dungeon Crawl Stone Soup version 0.30-a0-737-gf23d94013f (webtiles) character file.

Game seed: 13337362161757430508

30 Leeroy the Grasshopper (level 3, -1/18 HPs)
             Began as a Vine Stalker Warper on Feb 2, 2023.
             Slain by a quokka (2 damage)
             ... on level 2 of the Dungeon.
             The game lasted 00:02:26 (1139 turns).

Leeroy the Grasshopper (Vine Stalker Warper)        Turns: 1139, Time: 00:02:27

Health: -1/18      AC:  3    Str: 13    XL:     3   Next: 20%
Magic:  0/7        EV: 16    Int: 13    God:
Gold:   42         SH:  0    Dex: 15    Spells: 6/6 levels left

rFire   . . .      SeeInvis .    a - +0 falchion
rCold   . . .      Faith    .    (no shield)
rNeg    . . .      Spirit   +    b - +0 leather armour
rPois   +          Reflect  .    (no helmet)
rElec   .          Harm     .    (no cloak)
rCorr   .          Rampage  .    (no gloves)
Will    .....                    (no boots)
Stlth   ++                       (no amulet)
HPRegen 0.23/turn                e - +5 ring of evasion
MPRegen 0.10/turn                s - ring of poison resistance

@: no status effects
A: fangs 2, magic shield, antimagic bite, no potion heal 2
a: no special abilities


You were on level 2 of the Dungeon.
You visited 1 branch of the dungeon, and saw 3 of its levels.

You collected 42 gold pieces.

Inventory:

Hand Weapons
 a - a +0 falchion (weapon)
 j - a +1 whip of venom
Missiles
 d - 7 boomerangs of dispersal (quivered)
 f - 6 javelins
 p - 5 poisoned darts
Armour
 b - a +0 leather armour (worn)
Jewellery
 e - a +5 ring of evasion (left hand)
 s - a ring of poison resistance (right hand)
Scrolls
 c - 2 scrolls of blinking
 g - 2 scrolls of vulnerability {unknown}
 i - a scroll of magic mapping {unknown}
 l - a scroll of poison {unknown}
 m - a scroll of teleportation {unknown}
 o - 2 scrolls of identify {unknown}
 q - a scroll of enchant armour {unknown}
 r - a scroll of brand weapon {unknown}
Potions
 h - 2 potions of lignification {unknown}
 k - 3 potions of curing {unknown}
 n - 3 potions of flight {unknown}


   Skills:
 - Level 1.7 Fighting
 + Level 2.6 Long Blades
 - Level 0.8 Throwing
 - Level 0.7 Armour
 - Level 1.5 Dodging
 * Level 2.2 Stealth
 - Level 2.3 Spellcasting
 - Level 3.0 Translocations


You had 6 spell levels left.
You didn't know any spells.
Your spell library contained the following spells:

 Spells                   Type           Power      Damage    Failure   Level
 Blink                    Tloc           18%        N/A       14%         2
 Lesser Beckoning         Tloc           18%        N/A       14%         2
 Teleport Other           Tloc           9%         N/A       26%         3
 Vhi's Electric Charge    Tloc/Air       10%        N/A       45%         3
 Manifold Assault         Tloc           9%         N/A       65%         4


Dungeon Overview and Level Annotations

Branches:
Dungeon (3/15)

Altars:
Trog

Annotations:
D:2 Robin


Innate Abilities, Weirdness & Mutations

You have extremely sharp teeth.
When hurt, damage is shared between your health and your magic reserves.
Your bite disrupts and absorbs the magic of your enemies.
Potions cannot restore your health.


Message History

No target in view!
You see here a rat corpse.
Found an escape hatch in the ceiling.
Found a stone staircase leading up.
No target in view!
No target in view!
A gnoll comes into view. It is wielding a +0 spear.
The gnoll shouts!
A gnoll comes into view. It is wielding a +0 club.
A gnoll comes into view. It is wielding a +0 spear.
The gnoll shouts!
The gnoll hits you with a +0 spear. x2
You slash the gnoll! Your bite misses the gnoll.
The gnoll is heavily wounded.
The gnoll closely misses you. The gnoll hits you with a +0 spear.
The gnoll completely misses you.
You are too injured to fight recklessly!
You are too injured to fight recklessly!
You are too injured to fight recklessly!
The gnoll closely misses you. The gnoll misses you.
There is an escape hatch in the ceiling here.
The gnoll hits you with a +0 club. A mysterious force pulls you upwards.
The hatch slams shut behind you.
Level annotation: Robin The hobgoblin shouts!
Found a mace.
You are too injured to fight recklessly!
You hit the gnoll but do no damage. The gnoll hits you with a +0 club.
You barely miss the gnoll. You bite the gnoll. You drain its power.
You feel invigorated.
The gnoll is lightly wounded.
The gnoll completely misses you.
You hit the gnoll.
The gnoll is moderately wounded.
The gnoll hits you with a +0 club. The gnoll hits you with a +0 club!
* * * LOW HITPOINT WARNING * * *
You closely miss the gnoll.
The gnoll is moderately wounded.
The quokka bites you.
You die...

#.#.#..
#........
#.#.#..
#........
#.#.#..
#.......)
#.#.#..
#........
#.#.#..
#........
#..
#........
...
#........
....
#@gg.....
#r.......
#........
#.....###
#.....#
#.....#
#.....#
#.....#


You could see a gnoll, a quokka and a hobgoblin.

Vanquished Creatures
  2 ball pythons
  4 bats
  An endoplasm (D:1)
  6 goblins
  2 hobgoblins
  2 jackals (D:3)
  A quokka (D:1)
  3 frilled lizards
  2 kobolds (D:3)
  6 rats
29 creatures vanquished.

Vanquished Creatures (others)
  3 plants (D:2)
3 creatures vanquished.

Grand Total: 32 creatures vanquished

Notes
Turn   | Place    | Note
-------+----------+-------------------------------------------
     0 | D:1      | Leeroy the Vine Stalker Warper began the quest for the Orb.
     0 | D:1      | Reached XP level 1. HP: 11/11 MP: 4/4
   124 | D:1      | Reached skill level 1 in Stealth
   229 | D:1      | Reached XP level 2. HP: 15/15 MP: 4/6
   683 | D:2      | Noticed Robin
   785 | D:3      | Found a bloodstained altar of Trog.
   793 | D:3      | Found a faded altar of an unknown god.
   919 | D:3      | Reached XP level 3. HP: 18/18 MP: 7/7
  1139 | D:2      | Slain by a quokka

Illustrated notes

Levels and vault maps discovered:
D:1:      lightli_arrival_boilingwater, layout_rooms, serial_forest,
          infiniplex_forest_end_2, infiniplex_forest_end_1,
          infiniplex_forest_clump_medium, infiniplex_forest_lined_1,
          infiniplex_forest_lined_3, infiniplex_forest_straight_4,
          infiniplex_forest_straight_4, infiniplex_forest_clump_medium
D:2:      layout_basic, serial_shops, shop, shop, shop_fountains,
          serial_bayou_pond_a, minivault_4, hangedman_decor_clover_reticule,
          minmay_tripent, uniq_robin
D:3:      layout_loops_ring, bloody_trog, hellmonk_ecumenical_altar_dog_temple,
          minmay_misc_feat_encased, minmay_randomly_rotated_circles

Skill      XL: |  1  2 |
---------------+-------+-----
Stealth        | 1 2 |  2.2
Long Blades    | 2 |  2.6
Fighting       | |  1.7
Throwing       | |  0.8
Armour         | |  0.7
Dodging        | |  1.5
Spellcasting   | |  2.3
Translocations | |  3.0

Action                     || total
---------------------------++-------
  Melee: Falchion          ||    76
         Bite              ||    13
         Punch             ||     1
 Armour: Leather armour    ||    16
  Dodge: Dodged            ||    87

Table legend: (Time is in decaauts)
 A = Elapsed time spent in this place.
 B = Non-inter-level travel time spent in this place.
 C = Inter-level travel time spent in this place.
 D = Time resting spent in this place.
 E = Time spent auto-exploring this place.
 F = Levels seen in this place.
 G = Mean time per level.
                   A        B        C        D        E       F      G
               +--------+--------+--------+--------+--------+-----+--------+
         Total |   1162 |   1100 |     62 |      0 |    832 |   3 |  387.3 |
       Dungeon |   1162 |   1100 |     62 |      0 |    832 |   3 |  387.3 |
               +--------+--------+--------+--------+--------+-----+--------+

Top non-repeatable levels by time:
     D:1: 594 daAuts
     D:3: 430 daAuts
     D:2: 137 daAuts
